Map: Central Protocol

Players

Miszu

  • Race: Terran Terran
  • League: Grandmaster

Senin - Winner!

  • Race: Zerg Zerg
  • League: Grandmaster

VOD

Have the link to the VOD?

Description

Time

  • Played on: Feb. 17, 2016, 2:47 p.m.
  • Length: 11:32
Show
View Real Time Build Order
Export as new Build Order

Miszu Terran 

Build Orders: Reaper Expand 

Get SALT Encoding   

  12  0:01  SCV  
  13  0:13  SCV  
  14  0:18  Supply Depot  
  14  0:25  SCV  
  15  0:39  SCV  
  15  0:42  Barracks  
  16  0:45  Refinery  
  16  0:51  SCV  
  17  1:03  SCV  
  18  1:16  SCV  
  19  1:29  Orbital Command  
  19  1:30  Reaper  
  20  1:39  Command Center  
  20  1:51  Supply Depot  
  20  1:55  SCV  
  21  2:03  Barracks Reactor  
  21  2:07  SCV  
  22  2:19  SCV  
  23  2:23  Factory  
  23  2:25  Refinery  
  23  2:31  SCV  
  24  2:40  Marine x2  
  24  2:44  Bunker, SCV  
  27  2:53  Orbital Command  
  27  2:56  SCV  
  27  2:58  Marine x2  
  30  3:03  Supply Depot  
  30  3:06  Factory Tech Lab  
  30  3:08  SCV  
  30  3:09  Starport  
  31  3:20  SCV  
  33  3:32  SCV  
  33  3:34  Siege Tank  
  36  3:44  SCV, Orbital Command  
  37  3:52  Medivac  
  37  3:53  Marine x2  
  39  3:57  SCV  
  39  4:09  Siege Tank, SCV  
  41  4:10  SCV  
  41  4:11  Marine x2  
  41  4:15  Liberator  
  44  4:21  SCV  
  46  4:29  Marine x2  
  47  4:33  SCV  
  47  4:34  Orbital Command  
  51  4:45  SCV  
  52  4:47  Marine x2  
  54  5:06  Liberator  
  54  5:11  Bunker  
  54  5:23  Marine, Reaper, SCV x2  
  54  5:24  Barracks  
  54  5:25  Barracks  
  61  5:35  SCV  
  61  5:38  SCV  
  61  5:41  Reaper  
  57  5:51  Bunker  
  57  5:55  Marine, Siege Tank, SCV  
  62  6:05  Supply Depot, Liberator  
  62  6:06  Supply Depot  
  62  6:07  Refinery  
  62  6:08  Refinery  
  62  6:12  SCV  
  62  6:13  Marine x2  
  62  6:17  Marine  
  56  6:20  Marine  
  56  6:24  Bunker  
  59  6:29  SCV  
  59  6:31  Marine x2  
  62  6:38  Barracks  
  62  6:39  Barracks  
  61  6:44  SCV  
  61  6:46  SCV  
  63  6:49  Marine x2  
  63  6:51  Barracks Tech Lab x2  
  63  6:52  Siege Tank  
  67  6:56  SCV  
  67  6:58  SCV  
  69  7:06  Starport Reactor, Marine x2  
  69  7:08  SCV  
  72  7:14  Marine  
  72  7:15  Marine  
  74  7:16  Stimpack  
  74  7:17  SCV, Combat Shields  
  74  7:20  SCV  
  76  7:25  Supply Depot, Engineering Bay  
  76  7:26  Marine  
  76  7:27  Supply Depot, Engineering Bay  
  77  7:32  Marine  
  77  7:36  Marine  
  78  7:39  Marine  
  78  7:43  Marine  
  78  7:45  Marine  
  78  7:46  Marine  
  78  7:49  Marine  
  76  7:53  Marine  
  76  7:54  Missile Turret  
  76  7:57  Marine  
  67  8:01  Marine  
  67  8:03  Marine  
  67  8:04  Marine  
  65  8:07  Marine  
  65  8:11  Marine  
  66  8:15  Marine  
  66  8:19  Marine  
  67  8:21  Marine  
  67  8:22  Marine  
  67  8:25  Marine  
  66  8:28  Missile Turret  
  66  8:29  Marine  
  66  8:30  Medivac  
  66  8:33  Marine  
  67  8:36  Marine  
  67  8:39  Marine  
  67  8:40  Marine  
  67  8:41  Siege Tank  
  73  8:43  Marine  
  73  8:47  Marine, Terran Infantry Armor Level 1  
  75  8:49  Terran Infantry Weapons Level 1  
  75  8:51  Marine  
  75  8:54  Marine  
  77  8:56  Marine  
  77  9:02  Marine  
  67  9:04  Marine  
  63  9:14  Marine x3, Marauder  
  63  9:17  SCV x2  
  59  9:20  Marine  
  59  9:22  Marine  
  62  9:25  Siege Tank  
  62  9:29  SCV x2  
  67  9:32  Marine x3  
  67  9:35  Marine  
  67  9:37  Medivac  
  67  9:38  Marine, Medivac  
  74  9:40  Marine  
  74  9:41  SCV  
  78  9:50  Marine x3  
  78  9:51  Supply Depot  
  81  9:52  Marine  
  81  9:56  Marine  
  81  9:58  Marine  
  84  10:07  Marine, Medivac  
  84  10:08  Marine x2  
  84  10:10  Marine  
  84  10:13  Marine  
  89  10:16  Marine, Siege Tank  
  93  10:25  Marine  
  93  10:26  Marine x2  
  93  10:28  Marine  
  96  10:31  Marine  
  96  10:33  Marine  
  99  10:40  Medivac  
  101  10:43  Marine  
  101  10:47  Supply Depot  
  101  10:49  Supply Depot, Marine x4, Medivac, Siege Tank  
  111  10:51  Marine  
  112  11:01  Marine  
  110  11:07  Marine x4  
  110  11:09  Marine  
Show
View Real Time Build Order
Export as new Build Order

Senin Zerg - Winner!

Build Orders: Pool First, Muta Ling Bane 

Get SALT Encoding   

  12  0:00  Drone  
  13  0:10  Drone  
  14  0:25  Spawning Pool  
  13  0:29  Drone  
  13  0:32  Extractor  
  13  0:35  Drone  
  14  0:47  Extractor, Drone  
  14  0:49  Overlord  
  15  1:09  Drone  
  15  1:10  Drone  
  17  1:13  Roach Warren  
  17  1:15  Drone  
  17  1:28  Queen  
  19  1:37  Overlord  
  19  1:53  Roach  
  21  1:56  Roach  
  21  1:57  Roach  
  25  2:07  Drone  
  26  2:14  Ravager  
  27  2:20  Drone  
  27  2:21  Ravager  
  29  2:31  Hatchery  
  29  2:36  Overlord  
  28  2:41  Drone  
  29  2:46  Drone  
  30  2:56  Ravager  
  30  2:58  Drone x3  
  34  3:04  Queen  
  36  3:09  Drone  
  37  3:14  Drone  
  38  3:22  Overlord  
  38  3:32  Metabolic Boost  
  38  3:41  Overlord  
  38  3:46  Drone x3  
  41  3:56  Overlord  
  41  3:57  Drone  
  41  3:58  Drone x3  
  42  4:07  Drone  
  42  4:08  Lair  
  43  4:10  Drone  
  43  4:15  Drone  
  45  4:23  Extractor  
  44  4:24  Zergling x2  
  44  4:30  Zergling x2  
  44  4:31  Zergling x6  
  49  4:33  Drone  
  49  4:37  Drone  
  51  4:43  Extractor  
  51  4:44  Drone  
  51  4:54  Drone x5  
  51  4:58  Overlord x2  
  56  5:03  Roach  
  57  5:10  Zergling x2, Roach  
  57  5:12  Queen x2  
  63  5:16  Spire  
  63  5:19  Zergling x6  
  63  5:20  Zergling x4  
  67  5:28  Zergling x2  
  67  5:29  Zergling x4  
  67  5:30  Drone  
  67  5:33  Ravager  
  67  5:34  Ravager  
  73  5:41  Zergling x2, Roach  
  71  5:49  Zergling x2  
  65  5:55  Zergling x10  
  70  5:59  Extractor  
  69  6:06  Ravager  
  69  6:07  Overlord  
  66  6:17  Drone  
  66  6:18  Drone x2  
  64  6:23  Drone  
  64  6:24  Drone x2  
  64  6:25  Drone x3  
  70  6:30  Zerg Flyer Weapons Level 1  
  70  6:31  Mutalisk x2  
  74  6:38  Mutalisk  
  74  6:39  Mutalisk  
  72  6:48  Evolution Chamber  
  72  6:49  Baneling Nest, Hatchery, Evolution Chamber  
  72  6:52  Mutalisk  
  70  6:59  Overlord, Zergling x2  
  70  7:00  Overlord  
  72  7:01  Zergling x4  
  72  7:05  Zergling x2  
  74  7:10  Zergling x2  
  74  7:13  Zerg Ground Armor Level 1  
  74  7:14  Zerg Melee Weapons Level 1  
  75  7:21  Zergling x2  
  75  7:22  Zergling x2  
  77  7:26  Zergling x12  
  83  7:30  Zergling x2  
  83  7:33  Centrifical Hooks  
  83  7:35  Baneling x3  
  83  7:38  Zergling x2  
  83  7:39  Zergling x2  
  85  7:44  Zergling x2  
  74  8:00  Zergling x2  
  74  8:01  Zergling x12  
  74  8:06  Zergling x4  
  74  8:08  Zergling x2  
  70  8:14  Queen  
  70  8:15  Mutalisk  
  70  8:16  Mutalisk  
  76  8:22  Mutalisk x3  
  76  8:26  Zergling x6  
  83  8:32  Drone  
  82  8:42  Baneling x6  
  82  8:44  Mutalisk  
  82  8:45  Drone x2  
  82  8:46  Drone x3  
  88  8:52  Zergling x10  
  93  8:56  Zergling x4  
  93  9:02  Drone  
  93  9:05  Drone  
  93  9:06  Drone  
  92  9:11  Drone  
  92  9:14  Zerg Flyer Weapons Level 2  
  91  9:23  Drone  
  92  9:24  Mutalisk x2  
  92  9:27  Overlord x3  
  92  9:28  Zergling x2  
  92  9:30  Zergling x2  
  98  9:32  Extractor  
  98  9:35  Extractor, Drone x2  
  98  9:38  Zergling x4  
  98  9:39  Zergling x4  
  98  9:42  Zergling x2  
  103  10:01  Hatchery  
  103  10:03  Zergling x4  
  104  10:13  Zergling x14  
  111  10:21  Zergling x10  
  112  10:24  Baneling  
  112  10:25  Baneling x4  
  112  10:27  Baneling x3  
  116  10:29  Zergling x2  
  116  10:33  Zergling x6  
  116  10:35  Zergling x2  
  121  10:38  Zergling x2  
  121  10:40  Baneling x3  
  121  10:41  Baneling x4  
  121  10:44  Overlord  
  121  10:52  Zergling x2  
  121  10:53  Zergling x10  
  126  10:58  Zergling x6  
  127  11:05  Zergling x2  
  127  11:06  Zergling x8  
  130  11:11  Baneling x4  
  130  11:12  Baneling  
Tags
 
Add a new tag
Caveats
  • Supply blocks, unpowered buildings, or Contaminate may cause inaccurate times.
  • Supply counts are checked every 10 seconds.